 Dungeon Crawl Stone Soup version 0.31-a0-455-g1a7b003ef0 (webtiles) character file.

Game seed: 17739462890171946931

612 ytrimaz the Changeling (level 7, -4/48 HPs)
             Began as a Demonspawn Shapeshifter on Aug 3, 2023.
             Slain by a yak (10 damage)
             ... on level 5 of the Dungeon.
             The game lasted 00:05:32 (4292 turns).

ytrimaz the Changeling (Demonspawn Shapeshifter)    Turns: 4292, Time: 00:05:32

Health: -4/48      AC: 23    Str: 17    XL:     7   Next: 20%
Magic:  7/7        EV:  5    Int:  9    God:
Gold:   278        SH:  0    Dex: 14    Spells: 6/6 levels left

rFire   . .          .
                       - Unarmed
rCold   . . .        (no shield)
rNeg    . . .        b - +0 plate armour
rPois   +            (helmet currently unavailable)
rElec   .            (cloak currently unavailable)
rCorr   .            (gloves currently unavailable)
SInv    .            (boots currently unavailable)
Will    +....        q - amulet of the acrobat Stlth
                     e - ring of willpower
HPRegen 0.28/turn    f - ring of poison resistance
MPRegen 0.10/turn

%: acrobat
@: mighty, beast-form, sanguine armoured
A: beast (slay +3), powered by pain 1, sanguine armour 3
a: Begin Untransformation


You were on level 5 of the Dungeon.
You were a hulking beast.
You visited 1 branch of the dungeon, and saw 5 of its levels.

You collected 278 gold pieces.


Innate Abilities, Weirdness & Mutations

You are a hulking beast.
Your limbs bulge with bestial killing power. (Slay +3)
You sometimes gain a little power by taking damage.
When seriously injured, your blood forms very thick armour. (AC +12)


   Skills:
 - Level 1.2 Fighting
 + Level 2.7 Armour
 - Level 1.7 Dodging
 + Level 3.9 Unarmed Combat
 * Level 5.4 Shapeshifting


You had 6 spell levels left.
You didn't know any spells.
Your spell library contained the following spells:

 Spells                   Type           Power      Damage    Failure   Level
 Freeze                   Ice            0%         1d3       100%        1
 Sandblast                Erth           0%         2d4       100%        1
 Passwall                 Tmut/Erth      0%         N/A       100%        2
 Frozen Ramparts          Ice            0%         1d1       100%        3
 Hailstorm                Conj/Ice       0%         3d3       100%        3
 Stone Arrow              Conj/Erth      0%         3d7       100%        3
 Passage of Golubria      Tloc           0%         N/A       100%        4
 Silence                  Hex/Air        0%         N/A       100%        5
 Lehudib's Crystal Spear  Conj/Erth      0%         10d2      100%        8

Inventory:

Armour
 b - a +0 plate armour (worn)
   (You found it on level 2 of the Dungeon)
 h - a +0 leather armour
   (You found it on level 1 of the Dungeon)
Jewellery
 e - a ring of willpower (left hand)
   (You found it on level 1 of the Dungeon)
 f - a ring of poison resistance (right hand)
   (You found it on level 3 of the Dungeon)
 g - a +6 ring of strength
   (You found it on level 2 of the Dungeon)
 n - a +6 ring of intelligence
   (You found it on level 3 of the Dungeon)
 q - an amulet of the acrobat (around neck)
   (You took it off a hobgoblin on level 4 of the Dungeon)
Talismans
 c - a beast talisman (active)
Wands
 j - a wand of polymorph (6)
   (You took it off a hobgoblin on level 2 of the Dungeon)
 l - a wand of flame (17)
   (You took it off Jessica on level 2 of the Dungeon)
Scrolls
 a - a scroll of immolation
 i - 2 scrolls of revelation
 m - a scroll of fog {unknown}
 o - 2 scrolls of identify
 t - a scroll of vulnerability {unknown}
Potions
 d - a potion of haste {unknown}
 k - a potion of attraction {unknown}
 r - a potion of enlightenment

Dungeon Overview and Level Annotations

Branches:
Dungeon (5/15) Zot: 25731
 Temple: D:4-7

Altars:

. .## #.. #K# #######.#
.......Y# #### #Y#
....# #Y#####.##.#
#hY†....##.#
#####.####.##
#.###.#.######
#.##.###..†...
##########.....#.##....
.......<............###
#####################


You could see 4 yaks and a kobold.


Message History

You punch the scorpion!
The scorpion stings you but does no damage. 😕 HP[+1]
You hit the scorpion.
The scorpion stings you but does no damage.
You closely miss the scorpion. The scorpion barely misses you.
The scorpion stings you but does no damage.
You hit the scorpion.
You kill the scorpion!
Unknown command.
No target in view!
You see here a scorpion corpse. 😕 HP[+1]
A yak comes into view.
The yak bellows!
You hear a shout!
Unknown command.
A yak is nearby!
A yak is nearby!
Unknown command.
A yak comes into view.
The yak bellows!
You hear a bellow!
You hear a shout!
You hear a bellow!
You hear a shout! 😕 HP[+1]
The yak closely misses you.
You hit the yak. The yak gores you.
A yak comes into view. 😕 HP[-5]
You take 5 damage, and now have 41/48 hp.
You hit the yak. The yak gores you.
The yak gores you but does no damage. 😕 HP[-3]
You take 3 damage, and now have 38/48 hp.
Unknown command.
The yak attacks as you move away! The yak gores you.
A yak comes into view. 😮 HP[-3]
You take 3 damage, and now have 35/48 hp.
The yak attacks as you move away! The yak barely misses you.
You are too injured to fight recklessly!
You barely miss the yak. You punch the yak!
The yak gores you but does no damage. x2
You are too injured to fight recklessly!
Unknown command.
You hit the yak. The yak completely misses you.
The yak gores you but does no damage. 😮 HP[+1]
You are too injured to fight recklessly!
You hit the yak.
The yak gores you but does no damage. x2
You are too injured to fight recklessly!
Unknown command.
You hit the yak. The yak gores you but does no damage. The yak gores you.
Your blood congeals into armour. 😮 HP[-6]
You take 6 damage, and now have 30/48 hp.
You completely miss the yak.
The yak gores you but does no damage. x2
You hit the yak.
The yak gores you but does no damage. x2 😮 HP[+1]
You are too injured to fight recklessly!
You hit the yak but do no damage. The yak gores you.
The yak barely misses you. 😮 HP[-4]
You take 4 damage, and now have 27/48 hp.
You are too injured to fight recklessly!
Unknown command.
You punch the yak! The yak gores you.
* * * LOW HITPOINT WARNING * * *
The yak barely misses you. 😨 HP[-5]
You take 5 damage, and now have 22/48 hp.
You hit the yak but do no damage. The yak gores you.
* * * LOW HITPOINT WARNING * * *
The yak gores you but does no damage. 😨 HP[-4]
You take 4 damage, and now have 18/48 hp.
You are too injured to fight recklessly!
You hit the yak. The yak gores you.
* * * LOW HITPOINT WARNING * * *
The yak gores you!
* * * LOW HITPOINT WARNING * * *
😱 HP[-13]
You take 13 damage, and now have 5/48 hp.
MASSIVE DAMAGE!! (PAUSE)
You hit the yak.
Unknown command.
Okay, then.
You feel better.
The yak gores you but does no damage. x2 😨 HP[+9]
You regained 9 hp, and now have 14/48 hp.
You feel very mighty all of a sudden. The yak gores you!
* * * LOW HITPOINT WARNING * * *
The yak barely misses you. 😱 HP[-8]
You take 8 damage, and now have 6/48 hp.
Unknown command.
You punch the yak!
The yak gores you but does no damage. x2
A kobold comes into view. It is wielding a +0 dagger.
Unknown command.
You barely miss the yak.
The yak gores you but does no damage. x2
Unknown command.
You barely miss the yak. The yak gores you!
You die...

Skill      XL: |  1  2  3  4  5 |
---------------+----------------+-----
Shapeshifting  | 3 4 5 |  5.4
Armour         | 1 2 |  2.7
Unarmed Combat | 3 |  3.9
Fighting       | |  1.2
Dodging        | |  1.7

Action                     |  1- 3 |  4- 6 |  7- 9 || total
---------------------------+-------+-------+-------++-------
  Melee: Unarmed           |   125 |   243 |    35 ||   403
         Punch             |     1 |     7 |       ||     8
    Use: Potion            |     2 |     8 |     2 ||    12
         Scroll            |       |     6 |       ||     6
 Armour: Animal skin       |     6 |       |       ||     6
         Leather armour    |    21 |     9 |       ||    30
         Skin              |    26 |       |       ||    26
         Plate armour      |       |   193 |    32 ||   225
  Dodge: Dodged            |    57 |   107 |    11 ||   175

Levels and vault maps discovered:
D:1:      roderic_crop_circles_arrival_small, layout_loops_corners
D:2:      layout_basic, shapermc_ecumenical_altar_totnotflames,
          lightli_corner_chamber, uniq_jessica, uniq_robin
D:3:      layout_loops_ring, nicolae_eternal_life, minmay_misc_feat_ornament
D:4:      layout_cave_pools, uniq_duvessa
D:5:      layout_loops_ring, minmay_temple_entry_mist,
          kennysheep_generic_room_12, uniq_edmund, uniq_grinder, uniq_eustachio

Notes
Turn   | Place    | Note
-------+----------+-------------------------------------------
     0 | D:1      | ytrimaz the Demonspawn Shapeshifter began the quest for the
                  | Orb.
     0 | D:1      | Reached XP level 1. HP: 15/15 MP: 1/1
     0 | D:1      | magus.rc [v1.9.6]
   118 | D:1      | HP: 3/15 [goblin/+0 club (3)]
   332 | D:1      | You pick up a book of Frost and begin reading...
   332 | D:1      | You add the spells Freeze, Frozen Ramparts and Hailstorm to
                  | your library.
   426 | D:1      | Gained mutation: You sometimes gain a little power by
                  | taking damage. [demonic ancestry]
   426 | D:1      | Reached XP level 2. HP: 21/21 MP: 2/2
   539 | D:1      | Reached skill level 3 in Shapeshifting
   756 | D:1      | HP: 4/21 [gnoll/+0 spear (3)]
  1261 | D:2      | Gained mutation: When seriously injured, your blood forms
                  | armour. (AC +12) [demonic ancestry]
  1261 | D:2      | Reached XP level 3. HP: 17/26 MP: 3/3
  1549 | D:2      | Noticed Robin
  1575 | D:2      | HP: 5/26 [goblin/+0 dagger[Robin] (2)]
  1579 | D:2      | HP: 1/26 [goblin/+0 dagger[Robin] (4)]
  1610 | D:2      | Killed Robin
  1611 | D:2      | Reached XP level 4. HP: 25/32 MP: 4/4
  1728 | D:2      | Reached skill level 4 in Shapeshifting
  1960 | D:2      | You pick up a book of the Moon and begin reading...
  1960 | D:2      | You add the spells Passage of Golubria, Silence and
                  | Lehudib's Crystal Spear to your library.
  2024 | D:2      | Noticed Jessica
  2036 | D:2      | Killed Jessica
  2155 | D:2      | Reached skill level 1 in Armour
  2155 | D:2      | Gained mutation: When seriously injured, your blood forms
                  | thick armour. (AC +12) [demonic ancestry]
  2155 | D:2      | Reached XP level 5. HP: 32/37 MP: 5/5
  2302 | D:2      | Found a faded altar of an unknown god.
  2645 | D:3      | Reached skill level 3 in Unarmed Combat
  3325 | D:3      | You pick up a book of Geomancy and begin reading...
  3325 | D:3      | You add the spells Sandblast, Passwall and Stone Arrow to
                  | your library.
  3462 | D:4      | Noticed Dowan
  3464 | D:4      | Noticed Duvessa
  3482 | D:4      | HP: 6/37 [Duvessa/+0 short sword (5)]
  3482 | D:4      | HP: 2/37 [quokka (4)]
  3485 | D:4      | Killed Duvessa
  3486 | D:4      | Reached skill level 2 in Armour
  3486 | D:4      | Reached skill level 5 in Shapeshifting
  3486 | D:4      | Gained mutation: When seriously injured, your blood forms
                  | very thick armour. (AC +12) [demonic ancestry]
  3486 | D:4      | Reached XP level 6. HP: 12/43 MP: 6/6
  3487 | D:4      | HP: 5/43 [howler monkey (2)]
  3487 | D:4      | HP: 1/43 [quokka (4)]
  3495 | D:4      | HP: 7/43 [Dowan/stone arrow (11)]
  3514 | D:4      | Killed Dowan
  4002 | D:4      | Reached XP level 7. HP: 48/48 MP: 7/7
  4224 | D:5      | Entered Level 5 of the Dungeon
  4268 | D:5      | Noticed a yak
  4269 | D:5      | Noticed a yak
  4272 | D:5      | Noticed a yak
  4274 | D:5      | Noticed a yak
  4286 | D:5      | HP: 5/48 [yak (10)]
  4292 | D:5      | Slain by a yak

Vanquished Creatures
  Duvessa (D:4)
  A scorpion (D:5)
  Dowan (D:4)
  A howler monkey (D:4)
  A hound (D:4)
  A sleepcap (D:4)
  Jessica (D:2)
  2 orc wizards
  Robin (D:2)
  4 gnolls
  7 adders
  A white imp (D:3)
  A worm (D:2)
  4 dart slugs
  11 orcs
  5 ball pythons
  4 bats
  5 endoplasms
  3 giant cockroaches
  20 goblins
  10 hobgoblins
  3 jackals (D:2)
  5 kobolds
  6 quokkas
  4 frilled lizards
  3 rats (D:2)
106 creatures vanquished.

Table legend:
 A = Non-vault XP
 B = Vault XP
 C = Vault XP percentage of total XP
 D = Non-vault monster count
 E = Vault monster count
 F = Vault count percentage of total count
                 A         B        C        D         E       F
            +---------+---------+-------+---------+---------+-------
      Total |     591 |     284 |  32.5 |      90 |      16 |  15.1
            +---------+---------+-------+---------+---------+-------
        D:1 |      38 |       0 |   0.0 |      15 |       0 |   0.0
        D:2 |     109 |      73 |  40.1 |      30 |      14 |  31.8
        D:3 |     130 |       0 |   0.0 |      24 |       0 |   0.0
        D:4 |     220 |     211 |  49.0 |      19 |       2 |   9.5
        D:5 |      94 |       0 |   0.0 |       2 |       0 |   0.0
            +---------+---------+-------+---------+---------+-------

Skill      XL: |  1  2  3  4  5 |
---------------+----------------+-----
Shapeshifting  | 3 4 5 |  5.4
Armour         | 1 2 |  2.7
Unarmed Combat | 3 |  3.9
Fighting       | |  1.2
Dodging        | |  1.7

Action                     |  1- 3 |  4- 6 |  7- 9 || total
---------------------------+-------+-------+-------++-------
  Melee: Unarmed           |   125 |   243 |    35 ||   403
         Punch             |     1 |     7 |       ||     8
    Use: Potion            |     2 |     8 |     2 ||    12
         Scroll            |       |     6 |       ||     6
 Armour: Animal skin       |     6 |       |       ||     6
         Leather armour    |    21 |     9 |       ||    30
         Skin              |    26 |       |       ||    26
         Plate armour      |       |   193 |    32 ||   225
  Dodge: Dodged            |    57 |   107 |    11 ||   175

Illustrated notes

Table legend:
 A = Kills in this place as a percentage of kills in the entire game.
 B = Kills by you in this place as a percentage of kills by you in the entire game.
 C = Kills by friends in this place as a percentage of kills by friends in the entire game.
 D = Other kills in this place as a percentage of other kills in the entire game.
 E = Experience gained in this place as a percentage of experience gained in the entire game.
 F = Experience gained in this place divided by the number of levels of this place that you have seen.
                   A       B       C       D       E      F
               +-------+-------+-------+-------+-------+----------------------
         Total | 100.0 | 100.0 |   N/A |   N/A | 100.0 | 175.0
       Dungeon | 100.0 | 100.0 |   N/A |   N/A | 100.0 | 175.0
               +-------+-------+-------+-------+-------+----------------------

Table legend: (Time is in decaauts)
 A = Elapsed time spent in this place.
 B = Non-inter-level travel time spent in this place.
 C = Inter-level travel time spent in this place.
 D = Time resting spent in this place.
 E = Time spent auto-exploring this place.
 F = Levels seen in this place.
 G = Mean time per level.
                   A        B        C        D        E       F      G
               +--------+--------+--------+--------+--------+-----+--------+
         Total |   4267 |   4207 |     60 |     36 |   3312 |   5 |  853.4 |
       Dungeon |   4267 |   4207 |     60 |     36 |   3312 |   5 |  853.4 |
               +--------+--------+--------+--------+--------+-----+--------+

Top non-repeatable levels by time:
     D:2: 1326 daAuts
     D:1: 1210 daAuts
     D:3: 893 daAuts
     D:4: 771 daAuts
     D:5: 65 daAuts
